Map: Ulrena

Players

Spaghetti

  • Race: Terran Terran
  • League: Silver

TheHamman - Winner!

  • Race: Terran Terran

VOD

Have the link to the VOD?

Description

help me pls :^(

Time

  • Played on: Nov. 13, 2015, 11:12 p.m.
  • Length: 28:47
Show
View Real Time Build Order
Export as new Build Order

Spaghetti Terran 

Build Orders: 1/1/1, Bio Tank, Banshee Rush 

Get SALT Encoding   

  12  0:01  SCV  
  13  0:13  SCV  
  14  0:18  Supply Depot  
  14  0:25  SCV  
  15  0:29  Refinery  
  15  0:40  SCV  
  16  0:46  Barracks  
  16  0:52  SCV  
  17  1:04  SCV  
  18  1:15  Refinery  
  18  1:16  SCV  
  19  1:28  SCV  
  20  1:34  Marine  
  20  1:39  Factory  
  21  1:40  Orbital Command  
  21  1:50  Supply Depot  
  21  2:05  Barracks Reactor  
  21  2:06  SCV  
  22  2:18  SCV  
  23  2:24  Factory Tech Lab  
  23  2:27  Starport  
  23  2:30  SCV  
  24  2:41  Marine x2  
  24  2:42  SCV  
  30  2:55  SCV  
  31  3:00  Marine x2  
  31  3:04  Supply Depot  
  30  3:07  SCV  
  31  3:13  Cloaking Field  
  31  3:17  Supply Depot, Factory Tech Lab  
  31  3:25  Banshee, Marine x2  
  36  3:38  Siege Tank  
  39  3:47  Marine x2  
  41  3:53  SCV  
  41  3:54  Supply Depot  
  37  4:05  Marine x2  
  37  4:19  Banshee  
  37  4:22  Marine  
  37  4:23  Marine  
  37  4:24  SCV, Supply Depot  
  43  4:32  Command Center  
  43  4:36  SCV  
  44  4:39  Siege Tank  
  44  4:45  Marine x2  
  49  4:48  SCV  
  50  5:00  Barracks  
  50  5:02  SCV  
  48  5:11  Siege Tank  
  51  5:14  Marine x2  
  51  5:16  SCV  
  54  5:22  Barracks  
  54  5:29  Engineering Bay  
  54  5:32  Marine x2  
  54  5:34  Medivac  
  58  5:38  SCV  
  59  5:44  Siege Tank  
  59  5:46  Orbital Command  
  62  5:57  Barracks Reactor  
  62  6:01  Marine x2  
  66  6:14  Stimpack, Orbital Command  
  64  6:20  Marine x3  
  67  6:37  Marine x2  
  67  6:39  Refinery  
  72  6:41  Terran Infantry Weapons Level 1  
  72  6:42  Refinery  
  69  6:51  Marine x2  
  69  6:52  Marauder  
  73  6:55  SCV x2  
  73  6:56  Marine x2  
  77  7:04  Engineering Bay  
  77  7:07  SCV  
  78  7:13  Barracks  
  78  7:25  SCV, Siege Tank, Marine x4  
  86  7:35  Supply Depot  
  86  7:38  Terran Infantry Armor Level 1  
  86  7:39  Supply Depot  
  86  7:46  SCV x2, Medivac  
  86  7:47  Marine  
  86  7:48  Marine x2  
  86  7:49  Marine  
  94  7:56  Marine  
  95  8:00  Supply Depot  
  95  8:01  SCV x2  
  95  8:04  Siege Tank  
  100  8:09  Marine x4  
  100  8:11  Marine  
  105  8:16  Medivac  
  105  8:17  Armory  
  107  8:28  Marine x3  
  107  8:29  Marine x2  
  112  8:34  Combat Shields  
  112  8:36  Siege Tank  
  113  8:47  Liberator  
  109  8:56  SCV x2  
  109  9:00  Marine x4  
  118  9:10  Command Center  
  118  9:35  Supply Depot  
  118  9:36  Marine x6  
  118  9:37  Liberator  
  124  9:54  Marine  
  90  10:12  Marine x2  
  90  10:13  Marine x3  
  68  10:15  Supply Depot  
  68  10:17  Siege Tank  
  68  10:20  Liberator  
  71  10:25  Orbital Command  
  71  10:29  Terran Infantry Weapons Level 2, Marauder  
  71  10:30  Terran Infantry Armor Level 2  
  73  10:39  Marine x2  
  73  10:40  Marine x3  
  81  10:53  Marine  
  81  10:54  Missile Turret  
  82  10:57  Marine  
  82  11:00  SCV x2  
  82  11:01  Marine x4  
  82  11:03  Missile Turret  
  89  11:05  Terran Vehicle Weapons Level 1  
  89  11:06  Liberator  
  89  11:10  Orbital Command  
  89  11:12  Marine  
  89  11:16  Marine  
  89  11:18  Siege Tank  
  94  11:19  Marine  
  94  11:21  Marine  
  94  11:22  Marine  
  100  11:35  SCV x2  
  100  11:37  SCV, Marine  
  100  11:38  Marine x3  
  107  11:42  Refinery  
  107  11:45  Refinery  
  107  11:49  SCV x2  
  109  11:57  Barracks Reactor  
  109  11:58  Marine x4  
  109  11:59  Marauder  
  115  12:10  SCV x2  
  115  12:11  SCV  
  115  12:13  Starport Reactor  
  118  12:20  Armory  
  118  12:29  Marine x4  
  121  12:34  Starport  
  121  12:36  Marine x2  
  124  12:37  Barracks, Marine  
  124  12:38  Barracks  
  124  12:43  Liberator  
  125  12:44  Liberator  
  125  12:46  Terran Infantry Weapons Level 3  
  125  12:47  Terran Infantry Armor Level 3  
  125  12:58  Marine x4  
  125  12:59  Marauder, Marine x2  
  125  13:03  SCV x3  
  142  13:12  Siege Tank  
  145  13:18  Terran Vehicle And Ship Armor Level 1, Terran Vehicle Weapons Level 2  
  145  13:21  Command Center  
  145  13:24  Marine x5  
  150  13:32  Starport Tech Lab  
  150  13:37  Marine  
  150  13:38  Marine x2  
  150  13:39  Marine  
  154  13:44  Marine x3  
  157  13:56  Supply Depot x2  
  157  13:59  Supply Depot x2  
  157  14:02  Supply Depot  
  157  14:08  Armory  
  157  14:17  SCV x3, Marine x8  
  157  14:18  Liberator x2  
  165  14:41  Raven  
  165  14:43  Marine x2  
  165  14:44  Marine x5  
  174  14:45  Marine x2  
  174  14:46  Siege Tank  
  179  14:58  Orbital Command  
  179  15:04  Liberator x2  
  179  15:05  Marine x5  
  183  15:10  SCV  
  183  15:14  Marine x3  
  185  15:17  Terran Ship Weapons Level 1  
  185  15:18  Refinery x2  
  187  15:24  Marine x5  
  198  15:30  Building Armor  
  186  15:52  Liberator  
  186  15:53  Raven  
  186  15:56  Terran Vehicle Weapons Level 3  
  188  15:59  Terran Vehicle And Ship Armor Level 2  
  188  16:01  SCV x3  
  191  16:05  SCV  
  191  16:07  Marine x4  
  191  16:08  Marine  
  200  16:22  Liberator  
  200  16:24  Liberator  
  198  16:50  Marine x2  
  198  16:51  Marine  
  200  17:00  Liberator  
  197  17:12  Terran Ship Weapons Level 2  
  196  17:20  Barracks Reactor  
  196  17:22  SCV  
  200  17:44  Missile Turret x3  
  200  17:46  Missile Turret  
  200  17:47  Missile Turret  
  200  17:52  Missile Turret  
  199  18:06  Missile Turret x2  
  125  18:38  Marine x4, Liberator x2  
  125  18:39  Marine x6  
  115  18:51  Siege Tank  
  115  18:54  Raven  
  114  18:59  Marine x3  
  114  19:00  Marine x6  
  114  19:01  Marine  
  124  19:04  Terran Vehicle And Ship Armor Level 3  
  124  19:11  Factory, Starport  
  124  19:23  Siege Tank, Liberator x2  
  127  19:26  Marine x5  
  127  19:27  Marine x3  
  127  19:28  Marine x2  
  137  19:37  Terran Ship Weapons Level 3  
  137  19:38  Command Center  
  137  19:42  Raven  
  145  19:54  SCV x3  
  145  19:55  Marine x6  
  145  19:56  Marine x3  
  157  20:06  Factory Tech Lab  
  154  20:13  Liberator  
  154  20:14  Marine x4, Liberator  
  154  20:15  SCV x3  
  154  20:18  Marine x3  
  164  20:28  Siege Tank x2  
  170  20:32  Raven  
  170  20:33  Medivac  
  177  20:47  Marine x5  
  177  20:48  Marine x5  
  187  20:50  SCV x4  
  191  21:01  Liberator  
  191  21:05  Marine  
  191  21:09  Marine  
  191  21:10  Marine x5  
  193  21:17  Marauder  
  197  21:20  Medivac  
  200  21:29  Orbital Command  
  200  21:38  Marauder  
  192  22:13  Liberator x3  
  104  22:25  Marine x2  
  104  22:26  Marine x5  
  104  22:27  Marine x2  
  104  22:28  Marine  
  75  22:33  Siege Tank x2  
  90  22:37  SCV x3  
  93  22:45  Marine x4  
  93  22:46  Marine x6  
  103  22:53  Raven  
  103  22:56  Hi-Sec Auto Tracking  
  103  22:57  Neosteel Frame  
  105  22:59  SCV x4  
  105  23:04  Refinery, Marine x6  
  105  23:05  Refinery, Marine x3  
  118  23:07  Marine  
  116  23:26  Marine x4  
  117  23:27  Liberator x2, Marine x6  
  117  23:28  Siege Tank x2  
  117  23:31  SCV x2  
  117  23:32  SCV x2, Supply Depot  
  133  23:43  Starport Reactor  
  139  24:00  Siege Tank x2  
  145  24:05  Starport  
  145  24:07  Factory  
  145  24:13  Factory  
  145  24:28  Viking x3  
  145  24:29  Viking  
  153  24:32  Siege Tank x2  
  156  24:51  Factory Tech Lab  
  156  24:57  Factory Tech Lab  
  156  25:06  Thor  
  162  25:07  Thor  
  162  25:10  Viking x2  
  172  25:15  Command Center  
  169  25:26  Liberator  
  169  25:27  Liberator  
  127  25:56  Thor  
  133  26:02  Refinery  
  133  26:03  Refinery  
  133  26:20  Thor  
  139  26:42  Thor  
  139  26:46  Orbital Command  
  145  27:00  Thor  
  151  27:09  Thor  
  157  27:29  Thor  
  157  27:34  Command Center  
  163  27:50  Thor  
Show
View Real Time Build Order
Export as new Build Order

TheHamman Terran - Winner!

Build Orders: Bio Tank, MMM Bio 

Get SALT Encoding   

  12  0:01  SCV  
  13  0:13  SCV  
  14  0:20  Supply Depot  
  14  0:25  SCV  
  15  0:29  Refinery  
  15  0:42  SCV  
  16  0:47  Barracks  
  16  0:54  SCV  
  17  1:05  Supply Depot  
  17  1:06  SCV  
  18  1:12  Refinery  
  18  1:18  SCV  
  19  1:33  SCV, Barracks  
  19  1:38  Reaper  
  21  1:50  Barracks  
  21  1:53  SCV  
  22  2:05  SCV  
  23  2:10  Reaper  
  24  2:21  Reaper  
  25  2:26  Orbital Command  
  25  2:36  Supply Depot  
  25  2:38  Reaper  
  25  2:42  Reaper  
  27  2:46  Supply Depot  
  27  2:54  Reaper  
  28  3:05  Supply Depot  
  28  3:10  Reaper  
  29  3:14  Reaper  
  30  3:26  Reaper  
  31  3:30  Engineering Bay  
  23  4:19  Barracks Reactor, Barracks Tech Lab  
  23  4:22  Missile Turret x2  
  23  4:28  Terran Infantry Weapons Level 1, Missile Turret  
  23  4:29  Missile Turret  
  23  4:30  Factory  
  23  4:31  Missile Turret  
  23  4:32  SCV  
  23  4:37  Missile Turret  
  24  4:49  Barracks Tech Lab  
  24  4:52  Missile Turret  
  24  4:59  Marine x2  
  26  5:02  Marauder  
  28  5:10  Marauder  
  30  5:14  Factory Tech Lab  
  30  5:21  Starport, Marine x2  
  30  5:27  Combat Shields  
  30  5:28  Stimpack  
  32  5:44  Command Center  
  32  5:49  Marine x2  
  34  5:53  SCV  
  35  5:59  Siege Tank  
  35  6:03  Starport Reactor  
  38  6:18  Marine x2  
  40  6:19  Marauder x2  
  44  6:30  Terran Infantry Armor Level 1  
  44  6:31  Missile Turret  
  44  6:41  Sensor Tower  
  44  6:46  Marine x2  
  46  6:56  Orbital Command  
  46  7:15  SCV  
  46  7:17  Missile Turret  
  46  7:22  SCV  
  48  7:26  Siege Tank  
  48  7:27  SCV  
  52  7:37  Factory  
  52  7:42  Medivac x2  
  56  7:47  Marine x2  
  56  7:50  SCV x2  
  60  7:56  Refinery  
  60  7:57  Refinery  
  60  8:03  Sensor Tower  
  60  8:13  Marauder x2  
  60  8:14  Marine x2  
  66  8:23  Siege Tank  
  66  8:25  Factory Tech Lab  
  69  8:35  Marine  
  70  8:42  Marauder, Marine  
  72  9:03  Marine x2  
  72  9:04  Marauder  
  72  9:08  Medivac  
  78  9:33  Supply Depot  
  78  9:36  Supply Depot  
  78  9:37  Supply Depot  
  78  9:54  Siege Tank, Medivac  
  75  10:18  Armory x2, Engineering Bay  
  75  10:20  Siege Tank  
  78  10:27  SCV, Siege Tank  
  82  10:30  SCV  
  83  10:39  SCV  
  83  10:42  SCV  
  85  10:47  Command Center  
  85  10:51  Armory  
  85  10:52  SCV  
  86  10:57  Medivac x2  
  90  11:12  Sensor Tower  
  90  11:18  Terran Infantry Weapons Level 2  
  90  11:19  Starport  
  90  11:27  SCV  
  91  11:39  Refinery  
  91  11:42  Terran Vehicle And Ship Armor Level 1, Terran Vehicle Weapons Level 1  
  91  11:44  Refinery  
  91  11:51  Terran Infantry Armor Level 2  
  91  12:01  Marine x2  
  91  12:02  Marauder x2  
  97  12:10  Barracks  
  97  12:16  Barracks  
  97  12:18  Starport Reactor  
  97  12:22  Viking x2  
  101  12:29  Orbital Command  
  101  12:38  SCV  
  101  12:40  SCV  
  101  12:41  Marine  
  101  12:42  Marauder, Marine  
  101  12:43  Marauder  
  109  12:50  SCV  
  110  12:52  SCV  
  111  13:02  Viking x2  
  111  13:03  Viking  
  117  13:06  Supply Depot  
  117  13:09  Supply Depot  
  117  13:14  Supply Depot  
  117  13:19  Barracks Reactor, Barracks Tech Lab  
  117  13:28  Viking  
  119  13:36  SCV  
  119  13:37  Marine x2  
  119  13:38  Marauder x2  
  128  13:41  Marauder  
  128  13:42  Concussive Shells  
  128  13:48  Terran Vehicle Weapons Level 2  
  128  13:54  Terran Vehicle And Ship Armor Level 2  
  118  14:39  Viking x3  
  118  14:40  Viking  
  126  14:51  Terran Infantry Weapons Level 3, Terran Infantry Armor Level 3  
  126  14:57  Supply Depot  
  126  14:58  Supply Depot  
  126  15:00  Supply Depot  
  126  15:18  Medivac x2  
  126  15:19  Medivac  
  126  15:20  Supply Depot, Medivac  
  134  15:28  Supply Depot  
  134  15:53  Siege Tank x2  
  140  16:07  Marine  
  140  16:08  Marine x3  
  140  16:09  Marauder x3  
  150  16:25  Siege Tank x2  
  150  16:39  Viking x2  
  141  16:40  Viking x2  
  158  17:01  Marine x4  
  158  17:03  Marauder x3  
  167  17:23  Medivac x2  
  167  17:24  Medivac x2  
  167  17:27  Supply Depot  
  167  17:28  Supply Depot  
  175  17:31  Supply Depot  
  137  18:53  Marine  
  137  18:54  Marine x3  
  145  18:55  Marauder  
  145  18:56  Marauder x2  
  147  19:05  Viking x4  
  155  19:11  Marine  
  155  19:12  Marine x3  
  163  19:17  Marauder x3  
  165  20:17  Terran Vehicle Weapons Level 3  
  165  20:18  Terran Vehicle And Ship Armor Level 3  
  165  20:22  Building Armor  
  165  20:36  Command Center  
  111  22:24  Marine x3  
  111  22:25  Marine  
  111  22:26  Marauder x2  
  111  22:28  Marauder  
  111  22:29  Siege Tank x2  
  117  22:39  Orbital Command  
  117  22:41  Refinery  
  117  22:42  Factory  
  117  22:43  Factory  
  117  22:53  Marine x2  
  117  22:54  Sensor Tower, Marine x2  
  117  22:55  Marauder x3  
  127  23:01  Siege Tank x2  
  133  23:39  Sensor Tower  
  133  23:41  Refinery  
  133  23:50  Marine x4  
  133  23:52  Marauder x3  
  133  23:54  Factory Tech Lab x2, Siege Tank  
  133  23:55  Siege Tank  
  149  24:18  Viking x2  
  149  24:19  Viking x2  
  149  24:24  Siege Tank x2  
  163  24:48  Viking  
  165  25:16  Marine x2  
  165  25:17  Marine x2  
  165  25:18  Marauder x3  
  171  25:30  Terran Ship Weapons Level 1  
  171  25:42  Viking x4  
  175  26:12  Viking x2  
  175  26:14  Command Center  
  175  26:15  Marine x4  
  175  26:17  Marauder x3  
  188  27:00  Siege Tank x2  
  191  27:01  Siege Tank x2  
  197  27:22  Marine x3  
  200  27:26  Planetary Fortress  
  200  27:31  Command Center  
Tags
 
League
Silver
Matchup
TvT
Opening
1/1/1
Race
Terran
Strategy
Banshee Rush
Add a new tag
Caveats
  • Supply blocks, unpowered buildings, or Contaminate may cause inaccurate times.
  • Supply counts are checked every 10 seconds.